 Dungeon Crawl Stone Soup version 0.22-a0-443-g17c3723 (webtiles) character file.

1309 Gorglomux the Chopper (level 8, -1/50 HPs)
             Began as a Gargoyle Fighter on June 1, 2018.
             Was an Initiate of Okawaru.
             Slain by an ogre
             ... wielding a +0 giant club
              (8 damage)
             ... on level 7 of the Dungeon.
             The game lasted 00:02:18 (3094 turns).

Gorglomux the Chopper (Gargoyle Fighter)            Turns: 3094, Time: 00:02:19

Health: -1/50      AC: 18    Str: 21    XL:     8   Next: 58%
Magic:  8/8        EV:  4    Int: 10    God:    Okawaru [......]
Gold:   204        SH: 10    Dex:  9    Spells: 7/7 levels left

rFire    . . .     SeeInvis .   a - +0 war axe
rCold    . . .     Gourm    .   c - +0 shield
rNeg     + . .     Faith    .   T - +0 plate armour
rPois    ∞         Spirit   .   (no helmet)
rElec    +         Reflect  .   (no cloak)
rCorr    .         Harm     .   (no gloves)
MR       .....                  (no boots)
Stlth    ..........             (no amulet)
HPRegen  0.16/turn              (no ring)
MPRegen  0.11/turn              (no ring)

@: no status effects
A: negative energy resistance 1, electricity resistance, unbreathing,
petrification resistance, rot immunity, AC +5
a: Renounce Religion


You were on level 7 of the Dungeon.
You worshipped Okawaru.
Okawaru was noncommittal.
You were not hungry.

You visited 1 branch of the dungeon, and saw 7 of its levels.

You collected 204 gold pieces.

Inventory:

Hand Weapons
 a - a +0 war axe (weapon)
 o - a +1 flail of protection
Armour
 c - a +0 shield (worn)
 T - a +0 plate armour (worn)
Wands
 I - a wand of iceblast (8)
Scrolls
 k - a scroll of fog {unknown}
 r - a scroll of enchant armour {unknown}
 s - a scroll of random uselessness {unknown}
 K - 2 scrolls of fear {unknown}
 R - a scroll of brand weapon {unknown}
 S - a scroll of amnesia {unknown}
Potions
 d - a potion of might
 g - a potion of agility
 i - a potion of invisibility
 l - a potion of lignification {unknown}
 q - 2 potions of resistance
 Q - 2 potions of curing
Comestibles
 f - 5 rations


   Skills:
 + Level 5.5 Fighting
 + Level 6.8 Axes
 + Level 5.5 Armour
 + Level 5.5 Shields
 + Level 1.1 Invocations


You had 7 spell levels left.
You didn't know any spells.
Your spell library was empty.

Dungeon Overview and Level Annotations

Branches:
Dungeon (7/15)
 Temple: D:4-7

Altars:
Fedhas
Nemelex Xobeh
Okawaru
Xom
Zin


Innate Abilities, Weirdness & Mutations

You are resistant to torment.
Your stone body is resilient. (AC +5)
You are immune to poison.
You resist negative energy. (rN+)
You are resistant to electric shocks. (rElec)
You can survive without breathing.
You are immune to petrification.
You are immune to rotting.


Message History

You are too injured to fight recklessly!!!
Unknown butt!
You butt too injured to butt recklessly!!!
You are too injured to butt recklessly!!!
You are too injured to fight recklessly!!!
You butt too injured to fight recklessly!!!
Your plate armour prevents you from hitting the ogre!
The ogre is moderately wounded!
The ogre hits you but does no damage!
You barely miss the ogre!
The ogre is butt-ly wounded!
You block the ogre's attack!
You dice the ogre like an onion!!!
The ogre is severely wounded!
The ogre hits you with a giant club!!! * * * don't die
* * * You closely miss the ogre!
The ogre is severely butt!
The ogre butts you with a giant club!!! rip

#.......#
##.....##
##....#
##.#.#
#.#.#
#.#.#
#.#.#
#.#.# #@#
#O# #Z#
#.. ###


You could see an ogre and a worker ant zombie.

Vanquished Creatures
  Sigmund (D:2)
  A hungry ghost (D:7)
  Edmund (D:4)
  2 ice beasts (D:5)
  A sky beast (D:5)
  An ogre (D:5)
  A necrophage (D:5)
  A bullfrog (D:6)
  A wyvern zombie (D:6)
  A crimson imp (D:5)
  A quasit (D:5)
  An orc priest (D:3)
  A bullfrog skeleton (D:5)
  An iguana (D:7)
  3 worker ants
  A hound skeleton (D:5)
  An adder (D:4)
  A gnoll (D:1)
  A shadow imp (D:3)
  An ooze (D:5)
  4 worms
  2 adder skeletons
  A dart slug (D:3)
  6 leopard geckos
  6 orcs
  5 bats
  5 giant cockroaches
  4 goblins
  4 hobgoblins
  5 kobolds
  A quokka (D:4)
  2 rats (D:2)
68 creatures vanquished.

Notes
Turn   | Place    | Note
-------+----------+-------------------------------------------
     0 | D:1      | Gorglomux the Gargoyle Fighter began the quest for the Orb.
     0 | D:1      | Reached XP level 1. HP: 14/14 MP: 1/1
    49 | D:1      | Reached skill level 2 in Axes
    59 | D:1      | Reached XP level 2. HP: 7/19 MP: 2/2
   336 | D:1      | Reached skill level 3 in Axes
   424 | D:1      | Reached XP level 3. HP: 22/23 MP: 3/3
   537 | D:2      | Noticed Sigmund
   550 | D:2      | Killed Sigmund
   550 | D:2      | Reached skill level 5 in Axes
   550 | D:2      | Reached XP level 4. HP: 6/28 MP: 4/4
   550 | D:2      | Reached XP level 5. HP: 6/32 MP: 5/5
   838 | D:3      | Reached XP level 6. HP: 34/37 MP: 6/6
  1117 | D:4      | Noticed Edmund
  1147 | D:4      | Killed Edmund
  1291 | D:4      | Reached XP level 7. HP: 28/42 MP: 7/7
  1448 | D:4      | Found a shimmering altar of Xom.
  1448 | D:4      | Found a glowing silver altar of Zin.
  1448 | D:4      | Noticed an angel
  1523 | D:5      | Entered Level 5 of the Dungeon
  1751 | D:5      | Reached skill level 6 in Axes
  2120 | D:5      | Reached XP level 8. HP: 26/48 MP: 8/8
  2370 | D:5      | Found a blossoming altar of Fedhas.
  2683 | D:6      | Found an iron altar of Okawaru.
  2683 | D:6      | Found a sparkling altar of Nemelex Xobeh.
  2711 | D:6      | Became a worshipper of Warmaster Okawaru
  3064 | D:7      | Reached skill level 1 in Invocations
  3094 | D:7      | Slain by an ogre

Vault maps used:
D:1:      dpeg_arrival_shelter
D:2:      amethyst_overflow_temple_binary, overflow_temple_1_default,
          serial_forest, infiniplex_forest_clump_cross,
          infiniplex_forest_clump_large, infiniplex_forest_clump_long,
          infiniplex_forest_end_1, infiniplex_forest_clump_small,
          infiniplex_forest_clump_small, infiniplex_forest_lined_room_3,
          infiniplex_forest_straight_1, minmay_octomino_e4, uniq_sigmund
D:3:      first_ration
D:4:      grunt_temple_overflow_order_and_chaos_1, old_standard_altar,
          portal_sewer_entry_f, uniq_edmund
D:5:      marbit_many_paths
D:6:      gammafunk_temple_overflow_wave, minmay_temple_entry_fiery
D:7:      cheibrodos_ashenzari_chains

Skill      XL: |  1  2  3  4  5  6  7  8 |
---------------+-------------------------+-----
Axes           | 2 3 5 6 |  6.8
Fighting       | 4 5 |  5.5
Armour         | 4 5 |  5.5
Shields        | 4 5 |  5.5
Invocations    | 1 |  1.1

Action                   |  1- 3 |  4- 6 |  7- 9 || total
-------------------------+-------+-------+-------++-------
Melee: War axe           |    75 |   100 |   246 ||   421
  Use: Scroll            |       |       |     4 ||     4
  Eat: Chunk             |       |     2 |     2 ||     4
       Ration            |       |       |     5 ||     5
Armor: Scale mail        |    36 |    38 |   130 ||   204
       Plate armour      |       |       |    39 ||    39
       Chain mail        |       |       |    24 ||    24
Dodge: Dodged            |    31 |    26 |    95 ||   152
Block: Shield            |    51 |    45 |   135 ||   231

Table legend:
 A = Spawn XP
 B = Non-spawn XP
 C = Spawn XP percentage of total XP
 D = Spawn monster count
 E = Non-spawn monster count
 F = Spawn count percentage of total count
 G = Total turns spent on level
                    A         B        C        D         E        F      G
               +---------+---------+-------+---------+---------+-------+---------
         Total |       0 |    1870 |   0.0 |       0 |      68 |   0.0 |  3094
               +---------+---------+-------+---------+---------+-------+---------
           D:1 |       0 |      35 |   0.0 |       0 |      11 |   0.0 |   465
           D:2 |       0 |     242 |   0.0 |       0 |       8 |   0.0 |   361
           D:3 |       0 |     132 |   0.0 |       0 |      20 |   0.0 |   291
           D:4 |       0 |     232 |   0.0 |       0 |       8 |   0.0 |   406
           D:5 |       0 |     801 |   0.0 |       0 |      13 |   0.0 |  1060
           D:6 |       0 |     212 |   0.0 |       0 |       6 |   0.0 |   407
           D:7 |       0 |     216 |   0.0 |       0 |       2 |   0.0 |   104
               +---------+---------+-------+---------+---------+-------+---------
